 BcadrenCrawl: Boulder Brew version 0.04-3-g5ec7fb31a4 (webtiles) character file.

Game seed: 17766381688911064958, levelgen mode: deterministic

133 Chiseanne the Ducker (level 5, -1/36 HPs) Goblin Demonspawn. Began on Mar 21, 2021. Splashed by a jelly's acid (8 damage) ... on level 2 of the Dungeon. The game lasted 00:01:25 (656 turns).

Chiseanne the Ducker (Goblin Demonspawn)             Turns: 656, Time: 00:01:25

Health: -1/36      AC:  1    Str:  8    XL:     5 ^: 79
Magic:  7/7        EV: 14    Int:  6    God:
Gold:   83         SH:  0    Dex:  6    Spells: 9/10 levels left

rFire    + . .     Vision   .   a - +0 long sword
rCold    + . .     Gourm    .   (weapon restricted)
rNeg     . . .     Faith    .   f - +0 salamander hide
rPois    .         Spirit   .   k - +1 hat
rElec    .         Reflect  .   (no cloak)
rCorr    .         Harm     .   (no gloves)
MR       .....                  (no boots)
Stlth    +.........             (no amulet)
HPRegen  0.22/turn              (no ring)
MPRegen  0.17/turn              (no ring)

@: corroded, studying Short Blades
A: small, stagnant stats, goblin's greed, talons 2, cold resistance 1, low mp 1,
mutation resistance 1, god's pity 2
a: Evoke Berserk Rage


You were on level 2 of the Dungeon.
You were not hungry.

You visited 1 branch of the dungeon, and saw 2 of its levels.

You collected 69 gold pieces.

Inventory:

Weapons
 a - a +0 long sword (weapon)
Armour
 f - +0 salamander hide (worn)
 k - a +1 hat (worn)
Scrolls
 c - a scroll of teleportation
 e - a scroll of fear
Potions
 g - 2 potions of heal wounds
 h - 2 potions of might
 i - 2 potions of berserk rage
 j - a potion of invisibility
Comestibles
 d - a ration


   Skills:
 * Level 3.3 Fighting
 * Level 2.4(3.1) Short Blades
 - Level 2.6(3.2) Long Blades
 * Level 5.1 Dodging
 - Level 2.6 Stealth
 * Level 3.0 Spellcasting
 - Level 2.6 Fire Magic
   Level 4.0 Invocations


You had 9 spell levels left.
You knew the following spells:

 Your Spells              Type           Power        Failure   Level  Hunger
a - Flame Tongue          Fire           4 (30)       16%         1    ##.....

Your spell library contained the following spells:

 Spells                   Type           Power        Failure   Level  Hunger
 Conjure Flame            Fire           4 (100)      43%         3    ####...
 Blink                    Tloc           N/A          58%         2    ###....
 Call Imp                 Summ           0 (100)      58%         2    ###....
 Slow                     Hex            0 (100)      58%         2    ###....
 Mephitic Cloud           Pois/Air       0 (100)      82%         3    ####...


Dungeon Overview and Level Annotations

Branches:
Dungeon (2/8)

Altars:


Innate Abilities, Weirdness & Mutations

Your stats never grow through leveling.
Your goblin ancestry allows you to find more gold. (+20%)
You are small and have problems with some larger weapons.
You have razor-sharp toenails.
You are cold resistant. (rC+)
Your magical capacity is low. (-10% MP)
You are somewhat resistant to further mutation.
The pity of the gods increases the power of your passive and invoked divine abilities.


Message History

You are too injured to fight recklessly!
You are too injured to fight recklessly!
You are too injured to fight recklessly!
You are too injured to fight recklessly!
You are too injured to fight recklessly!
You are too injured to fight recklessly!
You are too injured to fight recklessly!
You are too injured to fight recklessly!
You are too injured to fight recklessly!
You are too injured to fight recklessly!
You are too injured to fight recklessly!
You are too injured to fight recklessly!
You hit the jelly (3).
Your hands burn (2).
* * * LOW HITPOINT WARNING * * *
You barely miss the jelly.
The adder skeleton closely misses you (0).
You riposte.
You hit the adder skeleton (3). The jelly hits you (1).
* * * LOW HITPOINT WARNING * * *
You are splashed with acid (8)!
You die...

#P≈;≈PP #.≈P≈≈P ##
...≈≈≈≈ ##. ..≈.≈≈≈
#≈. #.≈≈≈J≈ #.≈###
#.≈≈≈;.#####.≈≈.##
#≈.≈≈.†#≈≈####<[≈##
#.≈≈≈≈.≈.ZJ.≈###≈≈##
#...≈≈..##@≈..≈...≈#
#.≈...)..####≈...≈##
≈≈≈≈≈≈P... ##.#.##
≈≈≈≈≈P.#### #≈≈###
..≈≈≈P. #### ..≈≈≈P.
..≈≈...


You could see a jelly and an adder skeleton.

Vanquished Creatures
  4 giant cockroaches
  An adder (D:2)
  A sewer rat (D:1)
  4 cinder newts
  An ooze (D:2)
  A dart slug (D:1)
  6 goblins (D:1)
  5 hobgoblins (D:1)
  2 bats (D:1)
  4 kobolds (D:1)
29 creatures vanquished.

Vanquished Creatures (others)
  7 withered plants (D:2)
7 creatures vanquished.

Grand Total: 36 creatures vanquished

Notes
Turn   | Place    | Note
-------+----------+-------------------------------------------
     0 | D:1      | Chiseanne the Goblin Demonspawn began the quest for the
                  | Orb.
     0 | D:1      | Reached XP level 1. HP: 13/13 MP: 2/2
    31 | D:1      | Gained mutation: You are cold resistant. (rC+) [demonic
                  | ancestry]
    31 | D:1      | Reached XP level 2. HP: 19/19 MP: 3/3
    80 | D:1      | Gained mutation: You have sharp toenails. [demonic
                  | ancestry]
    80 | D:1      | Reached XP level 3. HP: 20/24 MP: 4/4
   226 | D:1      | Gained mutation: You have razor-sharp toenails. [demonic
                  | ancestry]
   226 | D:1      | Reached XP level 4. HP: 30/30 MP: 5/5
   539 | D:1      | Reached skill level 1 in Short Blades
   640 | D:2      | Reached XP level 5. HP: 33/36 MP: 7/7
   646 | D:2      | Reached skill level 5 in Dodging
   656 | D:2      | Splashed by a jelly's acid

Levels and vault maps discovered:
D:1:      enne_arrival_octagon_isle, layout_rooms, portal_sewer_entry_d
D:2:      layout_sewer, gammafunk_temple_overflow_claw, elyvilon_niche,
          serial_shops, nicolae_shop_stone, shop, shop

Skill      XL: |  1  2  3  4  5 |
---------------+----------------+-----
Fighting       | 2 3 |  3.3
Spellcasting   | 2 3 |  3.0
Short Blades   | 1 2 |  2.4
Dodging        | 5 |  5.1
Long Blades    | |  2.6
Stealth        | |  2.6
Fire Magic     | |  2.6
Invocations    | |  4.0

Action                   |  1- 3 |  4- 6 || total
-------------------------+-------+-------++-------
Melee: Long sword        |    35 |    55 ||    90
       Unarmed           |    24 |    46 ||    70
       Kick              |       |     1 ||     1
 Stab: Sleeping          |     1 |       ||     1
Armor: Leather armour    |     4 |     6 ||    10
       Salamander hide   |       |     8 ||     8
Dodge: Dodged            |    42 |    69 ||   111
       Rpst.: Long sword |    11 |    24 ||    35
